[Event "Azerbaijan Men Championship 2024"]
[Site "Baku"]
[Date "2024.04.16"]
[Round "6.10"]
[White "Aslanov, Umid"]
[Black "Sevdimaliyev, Urfan"]
[Result "1/2-1/2"]
[ECO "B33"]
[WhiteElo "2239"]
[BlackElo "2320"]
[Annotator "TA"]
[PlyCount "134"]
[EventDate "2024.04.11"]
[EventType "swiss"]
[EventCountry "AZE"]
[SourceTitle "playchess.com"]
[Source "ChessBase"]
[SourceQuality "1"]
[TimeControl "40/5400+30:1800+30"]

1. e4 c5 2. Nf3 Nc6 3. d4 cxd4 4. Nxd4 Nf6 5. Nc3 e5 6. Ndb5 d6 7. Bg5 a6 8. Na3 b5 9. Nd5 Be7 10. Bxf6 Bxf6 11. c3 Bg5 12. Nc2 Ne7 13. a4 bxa4 14. Ncb4 O-O 15. Rxa4 a5 16. Nxe7+ Qxe7 17. h4 Bh6 18. Bc4 Bd7 19. Nd5 Qd8 20. Ra1 Kh8 21. Qe2 a4 22. g4 Bf4 23. g5 (23. Kf1 $11) 23... Rb8 $15 24. Rd1 Qc8 25. Nxf4 exf4 26. Rd4 (26. f3 $142) 26... d5 $1 $17 27. exd5 Re8 (27... a3 $1 $17 28. b4 Re8) 28. Re4 $11 Rxe4 29. Qxe4 Rxb2 30. O-O a3 (30... Bh3 $6 31. Re1 h6 (31... Qg4+ $2 32. Kh1 $18) 32. Qxf4 $16) ({Black should play} 30... f3 $14) 31. Bd3 (31. Ra1 $1 $16) 31... g6 $11 (31... Qxc3 32. Qxh7#) 32. h5 Bb5 33. c4 Qg4+ 34. Qg2 Qxg2+ (34... Bd7 $15 35. Qxg4 Bxg4) 35. Kxg2 $11 Ba6 36. h6 Kg8 $1 37. Rd1 (37. Ra1 $11 Rb3 (37... a2 38. Kf3 $11) 38. Bc2) 37... a2 $17 38. Be4 $2 {[%emt 0:10:20][%mdl 8192] [#]} (38. Ra1 $1 $15) 38... Rb1 $4 (38... Rd2 $1 $19 39. Ra1 Bxc4) 39. Rxb1 $18 (39. Bxb1 $2 a1=Q (39... a1=B $2 40. d6 $18) 40. Re1 Kf8 $19 (40... Bxc4 41. Re8#) (40... f3+ $2 41. Kxf3 Kf8 42. d6 $19)) 39... axb1=Q 40. Bxb1 Bxc4 41. Be4 Be2 42. d6 Kf8 43. Bc6 Bg4 44. f3 Be6 45. Kf2 Bc4 46. Ke1 Be6 47. Kd2 f6 48. d7 Ke7 49. gxf6+ Kd8 50. Kd3 $2 (50. Kc3 {mates} Bxd7 51. f7 Ke7 52. Bxd7 Kxf7 53. Kd4 g5 54. Ke5 g4 55. Bxg4 (55. Kxf4 gxf3 56. Kf5 f2 $18)) 50... Bxd7 $16 51. Bd5 ({Don't take} 51. f7 $6 Bf5+ 52. Kd4 Ke7 $11) 51... Ke8 52. Ke4 Kf8 53. Kxf4 ({Of course not} 53. f7 $6 g5 $11) 53... Be8 54. Ke5 Bf7 55. Be4 Kg8 56. Kd6 Kf8 57. Kd7 Be8+ 58. Kd8 Bf7 59. f4 Be8 60. Bd3 Bf7 61. Kd7 Be8+ 62. Ke6 Bf7+ 63. Ke5 Be8 64. f5 g5 {[%emt 0:00:18] [#]} 65. Bc4 (65. f7 $1 $16 Bxf7 66. Be2) 65... Bf7 66. Be6 Bh5 67. Ke4 Bd1 1/2-1/2

[Event "Azerbaijan Men Championship 2024"]
[Site "Baku"]
[Date "2024.04.17"]
[Round "7.1"]
[White "Rasulov, Vugar"]
[Black "Muradli, Mahammad"]
[Result "1/2-1/2"]
[ECO "B50"]
[WhiteElo "2551"]
[BlackElo "2555"]
[Annotator "TA"]
[PlyCount "110"]
[EventDate "2024.04.11"]
[EventType "swiss"]
[EventCountry "AZE"]
[SourceTitle "playchess.com"]
[Source "ChessBase"]
[SourceQuality "1"]
[TimeControl "40/5400+30:1800+30"]

1. e4 c5 2. Nf3 d6 3. c3 Nf6 4. Be2 g6 5. O-O Bg7 6. Bb5+ Nbd7 7. Re1 a6 {[%emt 0:06:20] 7...0-0 is not played anymore.} 8. Bf1 Ne5 {[%emt 0:08:48] B50: Sicilian: 2...d6, Miscellaneous.} 9. d4 Nxf3+ 10. Qxf3 Nd7 11. Be3 O-O 12. Nd2 Qc7 $146 ({Predecessor:} 12... Rb8 13. Rad1 Qc7 14. Qg3 b5 15. Nf3 e5 16. dxe5 dxe5 17. Rd2 Bb7 18. Ng5 h6 {½-½ Lichtmannecker,D (2083)-Meissner,F (2375) Bayern-chI Bank Hofmann 25th 2022 (1)}) 13. a4 b6 14. Qg3 Rb8 15. Nf3 Bb7 16. Qh4 e5 17. Bh6 f6 18. Rad1 Kh8 19. Qh3 Bxh6 20. Qxh6 Rfe8 21. dxe5 dxe5 22. h4 Nf8 23. h5 Qg7 24. Qxg7+ Kxg7 25. hxg6 hxg6 26. Nd2 Red8 27. f3 Bc6 28. Nc4 b5 29. axb5 axb5 30. Rxd8 Rxd8 31. Na5 Be8 32. Nb7 Rd2 33. Nxc5 Rxb2 34. Ra1 Rc2 35. Ra3 Kg8 36. Nd3 Nd7 (36... Ne6 $11) 37. Nb4 $14 Rc1 38. Nd5 Bf7 39. Kf2 Rb1 40. Nb4 Rb2+ 41. Kg3 f5 (41... Nc5 $14) 42. Ra8+ ({Don't play} 42. Bxb5 $6 Nf6 $11) (42. Ra7 $16 Nc5 43. exf5 (43. Bxb5 fxe4 44. Rc7 Ne6 $16) 43... gxf5 44. Nc6) 42... Kg7 $14 43. Ra7 Nc5 44. Bxb5 Kf6 $1 45. Bc6 Bc4 46. Nd5+ Kg5 47. exf5 gxf5 48. Kh2 Bxd5 49. Bxd5 Rc2 50. c4 Nd3 51. Ra8 Nf4 52. Rg8+ Kf6 53. Rf8+ Kg6 54. Rg8+ Kf6 55. Kg1 Rc1+ 1/2-1/2

[Event "Azerbaijan Men Championship 2024"]
[Site "Baku"]
[Date "2024.04.17"]
[Round "7.2"]
[White "Babazada, Khazar"]
[Black "Suleymanli, Aydin"]
[Result "1-0"]
[ECO "C84"]
[WhiteElo "2474"]
[BlackElo "2607"]
[Annotator "TA"]
[PlyCount "63"]
[EventDate "2024.04.11"]
[EventType "swiss"]
[EventCountry "AZE"]
[SourceTitle "playchess.com"]
[Source "ChessBase"]
[SourceQuality "1"]
[TimeControl "40/5400+30:1800+30"]

1. e4 e5 2. Nf3 Nc6 3. Bb5 a6 4. Ba4 Nf6 5. O-O Be7 6. d3 b5 7. Bb3 d6 8. a3 Na5 9. Ba2 c5 10. Nc3 {[%emt 0:00:05] The position is equal.} O-O 11. Nd5 Nc6 12. b4 Rb8 13. c3 Be6 14. Be3 Nd7 15. Qd2 Kh8 16. d4 {[%emt 0:04:41] Nxe7 is the strong threat.} Bg4 17. dxc5 dxc5 18. Nxe7 Qxe7 19. Bd5 Qf6 ({Black should try} 19... Nd8 $14) 20. Ne1 {[%emt 0:08:56] [#] Threatens to win with f3.} (20. Bxc5 $6 Nxc5 21. bxc5 Bxf3 22. gxf3 Rfc8 $14) (20. bxc5 $6 Bxf3 21. gxf3 Rbc8 $14) 20... Rfc8 21. f4 (21. Bxc5 Nxc5 22. bxc5 Ne7 $16) 21... Be6 22. Nd3 ({Don't play} 22. bxc5 Na5 $16) (22. Nf3 $18) 22... c4 $16 23. Nxe5 Ndxe5 24. fxe5 Qg6 25. a4 {[%emt 0:00:19] aiming for axb5.} Rd8 {[%emt 0:03:00] [#]} 26. axb5 $1 axb5 {[%emt 0:00:01] Black is weak on the dark squares} 27. Ra6 Ne7 28. Bg5 {[%emt 0:07:13] White is more active.} Nxd5 {[%emt 0:00:04] Loses the game.} (28... Rxd5 $16 {is a better chance.} 29. exd5 Nxd5) 29. Bxd8 $18 {[%emt 0:00:18] White is clearly winning.} ({Weaker is} 29. exd5 Rxd5 $16) 29... Ne3 (29... Nxb4 $142 30. cxb4 h6) 30. Rf3 Nxg2 31. Qd6 h6 32. Rg3 {[%emt 0:00:04] Weighted Error Value: White=0.10 (very precise) /Black=0.40.  Loses game:     	---       	Black=1      Mistake:       	White=1     	Black=2      Inaccurate:     	---       	Black=4      OK:         	White=11    	Black=6      Best:        	White=2     	Black=1} ({Not} 32. Qxb8 Nf4+ 33. Bg5+ Kh7 $16) 1-0

[Event "Azerbaijan Men Championship 2024"]
[Site "Baku"]
[Date "2024.04.17"]
[Round "7.3"]
[White "Iskandarov, Misratdin"]
[Black "Sadikhov, Ulvi"]
[Result "1/2-1/2"]
[ECO "D87"]
[WhiteElo "2538"]
[BlackElo "2497"]
[Annotator "TA"]
[PlyCount "80"]
[EventDate "2024.04.11"]
[EventType "swiss"]
[EventCountry "AZE"]
[SourceTitle "playchess.com"]
[Source "ChessBase"]
[SourceQuality "1"]
[TimeControl "40/5400+30:1800+30"]

1. d4 Nf6 2. c4 g6 3. Nc3 d5 4. cxd5 Nxd5 5. e4 Nxc3 6. bxc3 Bg7 7. Bc4 c5 8. Ne2 Nc6 9. Be3 O-O 10. O-O Bg4 11. f3 Na5 12. Bxf7+ Rxf7 13. fxg4 Rxf1+ 14. Kxf1 Qd6 15. Kg1 Qe6 16. Qd3 Qc4 17. Rd1 (17. Qxc4+ $1 $14 Nxc4 18. Bf2) 17... Qxa2 18. dxc5 Qc4 19. Qc2 Nc6 20. Nf4 e6 21. Qb1 Qxc3 22. Bf2 (22. Qxb7 $2 Qxe3+ 23. Kh1 Rd8 $19) 22... Bd4 {[%emt 0:14:00] [#] Strongly threatening ...Bxf2+.} 23. Qxb7 (23. Nxe6 $2 Bxf2+ 24. Kh1 Nb4 $19 (24... Bxc5 25. Qxb7 Rf8 26. e5 $11)) 23... Bxf2+ 24. Kxf2 Qxc5+ 25. Kg3 {[%emt 0:00:07] Dancing on a razor blade.} Rd8 26. Rxd8+ Nxd8 $11 {[%emt 0:00:02][%mdl 4096] Endgame. KQN-KQN} 27. Qb8 Qb6 28. Qe5 (28. Qxb6 $11 axb6 29. Kf3) 28... Nf7 (28... Qe3+ {with more complications.} 29. Kh4 Nf7 30. Qb8+ Kg7) 29. Qc3 {[%emt 0:00:22] Against Qe3+} Qb8 {[%emt 0:01:10] Threatens to win with ...g5.} 30. h4 h6 {[%emt 0:00:36] aiming for ...g5.} 31. g5 {[%emt 0:01:06] [#]} (31. Kf3 $1 $11 {remains equal.}) 31... hxg5 (31... Nxg5 $1 $17 32. Qc2 (32. hxg5 hxg5 33. e5 gxf4+ 34. Kxf4 Qd8 $17) 32... Qe5 33. Qc8+ (33. hxg5 hxg5 34. Qd2 Qxf4+ 35. Qxf4 gxf4+ 36. Kxf4 Kg7 $19) 33... Kg7 34. Qd7+ (34. hxg5 $2 {is the wrong capture.} hxg5 35. Qb7+ Kf6 $19) 34... Nf7 35. Qxe6 Qxe6 36. Nxe6+ Kf6) 32. hxg5 {[%emt 0:00:02] The position is equal.} Nxg5 33. Kg4 $1 Nxe4 34. Qd4 Qb7 35. Nxg6 Qg7 36. Qxe4 Kh7 $1 37. Kg5 {[%emt 0:00:45] White threatens Qh4+ and mate.} Qh6+ 38. Kf6 Qg7+ 39. Kg5 Qh6+ 40. Kf6 {[%emt 0:00:00] White wants to mate with Qb7+.} Qg7+ {[%emt 0:00:00] Weighted Error Value: White=0.15 (very precise) /Black=0.10 (very precise) .  Mistake:       	White=3     	Black=1      Inaccurate:     	---       	Black=2      OK:         	White=11    	Black=11     Best:        	White=3     	Black=1      Strong:       	White=1     	Black=1} 1/2-1/2

[Event "Azerbaijan Men Championship 2024"]
[Site "Baku"]
[Date "2024.04.17"]
[Round "7.4"]
[White "Samadov, Read"]
[Black "Manafov, Vugar"]
[Result "1/2-1/2"]
[ECO "A11"]
[WhiteElo "2502"]
[BlackElo "2424"]
[Annotator "TA"]
[PlyCount "69"]
[EventDate "2024.04.11"]
[EventType "swiss"]
[EventCountry "AZE"]
[SourceTitle "playchess.com"]
[Source "ChessBase"]
[SourceQuality "1"]
[TimeControl "40/5400+30:1800+30"]

1. Nf3 Nf6 2. g3 d5 3. Bg2 c6 4. c4 dxc4 5. O-O g6 (5... e6 $11) 6. a4 Bg7 7. Na3 O-O 8. Nxc4 Be6 9. b3 a5 10. Bb2 Na6 11. Rc1 Nb4 12. d3 h6 13. Be5 Ra6 (13... Bd5 {is more complex.} 14. Qd2 Nd7 15. Bxg7 Kxg7 16. e4 Bxc4 17. Rxc4 e6) 14. Rb1 Bxc4 15. bxc4 (15. dxc4 $5 Ng4 16. Bxg7 Kxg7 17. e4 $11) 15... Nd7 16. Bf4 e5 17. Be3 Qe7 18. Qc1 Kh7 19. Ne1 Nc5 20. Nc2 Ne6 21. Nxb4 ({White should play} 21. Bd2 $14) 21... axb4 $11 22. c5 $1 Rxa4 23. Qc4 Nd4 24. Bxd4 (24. Rxb4 $2 {perishes.} b5 (24... Nxe2+ 25. Kh1 $17) 25. cxb6 Rxb4 $19) 24... exd4 25. Rxb4 Rxb4 (25... b5 $15 26. Qb3 Ra6) 26. Qxb4 {[%emt 0:00:02] The position is equal.} Rd8 27. Bf3 Bf8 28. Rc1 Rd7 29. h4 h5 30. Kg2 Qe5 31. Qa5 Qc7 32. Qa4 Qe5 33. Qa5 Qc7 34. Qa4 Qe5 35. Qa5 {[%emt 0:00:58] Weighted Error Value: White=0.13 (very precise) /Black=0.13 (very precise) .  Mistake:       	White=1     	Black=1      Inaccurate:     	White=4     	Black=3      OK:         	White=9     	Black=10     Strong:       	White=1     	---} 1/2-1/2

[Event "Azerbaijan Men Championship 2024"]
[Site "Baku"]
[Date "2024.04.17"]
[Round "7.5"]
[White "Hasanzade, Toghrul"]
[Black "Guliyev, Namig"]
[Result "1-0"]
[ECO "B90"]
[WhiteElo "2350"]
[BlackElo "2509"]
[Annotator "TA"]
[PlyCount "67"]
[EventDate "2024.04.11"]
[EventType "swiss"]
[EventCountry "AZE"]
[SourceTitle "playchess.com"]
[Source "ChessBase"]
[SourceQuality "1"]
[TimeControl "40/5400+30:1800+30"]

1. e4 c5 2. Nf3 d6 3. d4 cxd4 4. Nxd4 Nf6 5. Nc3 a6 6. Nf3 Nbd7 7. a4 b6 8. Bc4 e6 {[%emt 0:00:47] The position is equal.} 9. Nd4 Bb7 10. Bxe6 fxe6 $17 11. Nxe6 Qc8 12. Nxf8 Rxf8 (12... Nxf8 $17 13. Qxd6 Nxe4 14. Nxe4 (14. Qxb6 $2 {too greedy.} Nxc3 15. Qd4 Qe6+ 16. Be3 Nd5 $19) 14... Bxe4) 13. Qxd6 $11 Qc4 {[%emt 0:03:17] Prevents Qe6+} (13... Nxe4 $2 {is the wrong capture.} 14. Qe6+ Kd8 15. Nxe4 $18) 14. f3 Kf7 (14... Rc8 $5) 15. Be3 {[%emt 0:04:15][%cal Oe1c1][%mdl 1024] White has compensation.} Rfe8 16. O-O-O Re6 17. Qa3 b5 18. Rd4 Qc6 19. Rhd1 Ne5 {[%emt 0:00:36] ...Nc4 is the strong threat. Black is now going downhill.} 20. Bf4 Ng6 (20... Nc4 $16 21. Qb4 Kg8) 21. Bg5 (21. Bd6 $1 $18) 21... h6 (21... Kg8 $16) 22. Bxf6 $18 gxf6 23. Qb3 Bc8 {[%emt 0:03:56] [#] Dodges Rd7+} 24. Nd5 $1 {[%emt 0:04:56][%cal Bc3d5,Bd5e7,Be7f5,Bf5d6][%mdl 32] Threatens to win with f4.} ({Less strong is} 24. axb5 axb5 25. Nxb5 Kg7 $14) 24... bxa4 25. Rxa4 {[%emt 0:01:46] aiming for Rc4.} Kg7 $2 (25... Ne7 {keeps fighting.} 26. Rc4 Qb5) 26. Rc4 Qd6 {[%emt 0:02:29] [#]} (26... Qb5 $142 27. Rc7+ Bd7 28. Qxb5 axb5 29. Rxd7+ Kg8) 27. Rxc8 $2 Rxc8 28. Qb7+ Ne7 29. Nxe7 {[%emt 0:00:34] White wants to mate with Nf5+.} Qf4+ (29... Rxc2+ 30. Kxc2 Qc5+ 31. Kb1 Rxe7 32. Qxa6 Ra7) 30. Kb1 {[%emt 0:00:06] White threatens Nf5+ and mate.} Rc7 31. Nf5+ Kf8 32. Rd8+ Re8 33. Qb4+ Kf7 34. Nd6+ {[%emt 0:00:05] Weighted Error Value: White=0.26 (precise) /Black=0.75.  Mistake:       	White=3     	Black=6      Inaccurate:     	White=1     	Black=3      OK:         	White=7     	Black=6      Best:        	White=6     	Black=2      Strong:       	White=1     	---} 1-0

[Event "Azerbaijan Men Championship 2024"]
[Site "Baku"]
[Date "2024.04.17"]
[Round "7.6"]
[White "Talibov, Shiroghlan"]
[Black "Gadimbayli, Abdulla"]
[Result "0-1"]
[ECO "B45"]
[WhiteElo "2373"]
[BlackElo "2489"]
[Annotator "TA"]
[PlyCount "76"]
[EventDate "2024.04.11"]
[EventType "swiss"]
[EventCountry "AZE"]
[SourceTitle "playchess.com"]
[Source "ChessBase"]
[SourceQuality "1"]
[TimeControl "40/5400+30:1800+30"]

1. e4 c5 2. Nf3 e6 3. d4 cxd4 4. Nxd4 Nf6 5. Nc3 Nc6 6. Nxc6 bxc6 7. e5 Nd5 8. Ne4 Qc7 9. f4 $1 Rb8 {[%emt 0:00:04] [#]} (9... Qb6 $11 {remains equal.}) 10. a3 ({White should try} 10. c4 $1 $16) 10... Qa5+ (10... Qb6 $5) 11. c3 Qb6 {[%emt 0:00:19] White is slightly better.} 12. Bd3 Ba6 13. Bxa6 Qxa6 14. Qe2 (14. b3 $11) 14... Qxe2+ $15 15. Kxe2 f5 16. Ng5 a5 17. c4 Nb6 18. Kd3 Na4 19. Kc2 Nc5 $36 {[%emt 0:04:33][%mdl 2048] White is under pressure.} 20. b4 {[%emt 0:11:32] Black continues to play with concentration.} h6 $17 21. bxc5 (21. Nf7 $17 {was called for.} Kxf7 22. bxc5) 21... hxg5 $19 22. fxg5 (22. Bd2 $17) 22... Rh4 $1 23. Bd2 Rxc4+ 24. Kd3 Rxc5 25. Rhb1 {[%emt 0:00:06] Repels Rb3+} Rxb1 (25... Rd5+ $2 26. Kc2 Rxb1 27. Rxb1 Bxa3 (27... Rxe5 $2 28. Rb8+ Ke7 29. g6 $19) 28. h4 $19) 26. Rxb1 {[%emt 0:00:01][%mdl 4096] Endgame. KRB-KRB} Kf7 (26... Rxe5 27. Rb8+ Ke7 28. g6 $16) 27. a4 Rxe5 28. Rb7 Rd5+ 29. Kc2 e5 30. h4 Kg6 31. Ra7 Bc5 32. Ra6 Rd4 {[%emt 0:00:51][%csl LRa4,LRh4] Black is clearly winning.} 33. Bc3 Rxa4 34. Bxe5 Rxh4 35. Rxa5 d6 36. Bc3 Rg4 37. Ra6 Rxg2+ 38. Kd3 Rg3+ {[%emt 0:16:03] Weighted Error Value: White=0.43/Black=0.10 (very precise) .  Mistake:       	White=5     	---        Inaccurate:     	White=4     	---        OK:         	White=9     	Black=17     Best:        	---       	Black=2      Strong:       	---       	Black=1} 0-1

[Event "Azerbaijan Men Championship 2024"]
[Site "Baku"]
[Date "2024.04.17"]
[Round "7.7"]
[White "Suleymanli, Suleyman"]
[Black "Ibrahimli, Murad"]
[Result "1/2-1/2"]
[ECO "D02"]
[WhiteElo "2246"]
[BlackElo "2396"]
[Annotator "TA"]
[PlyCount "113"]
[EventDate "2024.04.11"]
[EventType "swiss"]
[EventCountry "AZE"]
[SourceTitle "playchess.com"]
[Source "ChessBase"]
[SourceQuality "1"]
[TimeControl "40/5400+30:1800+30"]

1. Nf3 d5 2. g3 Bf5 3. Bg2 Nc6 4. d4 Nb4 5. Na3 e6 6. O-O Nf6 7. Bf4 c6 8. Ne5 Be7 9. c3 Na6 10. f3 h6 11. Qb3 Qb6 12. g4 Bh7 13. h4 Nb8 14. Nb1 Nfd7 15. h5 Bf6 16. Nd3 Bxd3 17. Qxb6 axb6 18. exd3 b5 19. Nd2 {[%emt 0:06:32] [#]} b4 $1 20. Bd6 (20. a4 c5) 20... bxc3 21. bxc3 Bg5 22. Nb3 Be7 23. Bg3 Ba3 24. Rab1 {[%emt 0:04:03] Repels Bb2} b5 25. Rf2 O-O 26. Rc2 Ra4 27. Bf1 Na6 28. Re1 Ra8 29. Be2 Be7 30. Bd1 (30. Rb1 $11) 30... Ra7 31. Rg2 Ra3 32. Ree2 c5 33. dxc5 Naxc5 34. Nd4 {[%emt 0:00:37] [#] Threatens to win with Nc6.} Rb7 $1 ({Reject} 34... Rxc3 $6 35. Nxb5 (35. Nc6 Rc1 $11) 35... Rxd3 36. Nxa7 $11) 35. Nc6 Bf8 36. d4 Na4 (36... Rb6 $1 $17 37. Ne5 Nxe5 38. Rxe5 Nd3) 37. Bxa4 $15 Rxa4 38. Rb2 Ra6 39. Ne5 {[%emt 0:01:22] The position is equal.} Nxe5 40. Bxe5 Ra3 41. Rgc2 Rb6 42. Kg2 f6 43. Bg3 Kf7 44. Kf2 Ke8 45. Ke2 Kd7 46. Rb3 Kc6 47. Rxa3 Bxa3 $11 {[%emt 0:00:03][%mdl 4096] Endgame. KRB-KRB} 48. Kd3 Ra6 49. Re2 Kd7 50. Re1 Be7 51. Rb1 Ra5 52. Rb2 Bf8 53. Bf4 Ba3 54. Rb1 Be7 55. Rb2 Bd8 56. Bg3 Bb6 57. Bf4 {[%emt 0:00:30] Weighted Error Value: White=0.10 (very precise) /Black=0.07 (flawless) .  Mistake:       	White=1     	Black=1      Inaccurate:     	White=8     	Black=5      OK:         	White=19    	Black=25     Best:        	White=1     	---        Strong:       	---       	Black=1} 1/2-1/2

[Event "Azerbaijan Men Championship 2024"]
[Site "Baku"]
[Date "2024.04.17"]
[Round "7.8"]
[White "Ahmad, Khagan"]
[Black "Hamidov, Allahverdi"]
[Result "0-1"]
[ECO "E05"]
[WhiteElo "2321"]
[BlackElo "2091"]
[Annotator "TA"]
[PlyCount "68"]
[EventDate "2024.04.11"]
[EventType "swiss"]
[EventCountry "AZE"]
[SourceTitle "playchess.com"]
[Source "ChessBase"]
[SourceQuality "1"]
[TimeControl "40/5400+30:1800+30"]

1. Nf3 Nf6 2. c4 e6 3. g3 d5 4. d4 Be7 5. Bg2 O-O 6. O-O dxc4 7. Qc2 a6 8. a4 Bd7 9. Rd1 Bc6 10. Bg5 b5 11. Bxf6 {[%emt 0:00:37] White has an edge.} Bxf6 12. Nc3 Qe8 13. d5 exd5 14. Nd4 $1 Qe5 15. axb5 (15. e4 $11) 15... axb5 $15 {[%emt 0:02:17] White must now prevent ...Rxa1.} 16. Nxc6 Nxc6 17. Rxa8 Rxa8 18. Nxd5 Rb8 (18... Qxb2 $2 19. Qxb2 Bxb2 20. Ne3 $18 (20. Nxc7 c3 $17)) 19. e3 Qxb2 20. Qe4 Na5 21. Qf4 {[%emt 0:35:38] [#]} (21. Ne7+ $142 Kh8 22. Nc6 Nxc6 23. Qxc6) 21... Be5 $1 $17 22. Qh4 {[%emt 0:01:36] Threatening mate with Ne7+.} g6 (22... Bd6 $17 {...c3 is the strong threat.} 23. Ne7+ Kh8) 23. f4 Bg7 (23... Bd6 $17 {Threatens to win with ...Kg7.} 24. e4 h5) 24. Ne7+ $1 $14 Kh8 {[%emt 0:03:08] [#] ...Bf6 would now be deadly.} 25. Rd8+ $1 Bf8 $1 26. Rxb8 Qc1+ 27. Bf1 Qxe3+ 28. Kg2 Qe4+ $1 29. Kf2 Kg7 $36 {[%emt 0:00:28][%mdl 2048] Repels Qf6+. Black has some pressure. Some like it hot} 30. Re8 (30. Rxb5 $2 Bxe7 31. Qg4 Bc5+ (31... Nb3 32. Qe2 $17) 32. Rxc5 Qd4+ 33. Ke1 Qxc5 $19) (30. Bg2 $11 {is more appropriate.} Qc2+ (30... Qd4+ 31. Ke2 $11) 31. Kg1 Qc1+ 32. Kf2 Qc2+ 33. Kf1) 30... Nc6 (30... Qd4+ $1 $15 {should be considered.} 31. Kf3 (31. Kg2 $2 Qd7 $19) 31... Qc3+ (31... b4 32. Nf5+ Kg8 33. Rxf8+ Kxf8 34. Qe7+ Kg8 35. Qe8#) 32. Kf2 Qd2+ 33. Kf3 Qc3+ (33... Qd7 34. Rxf8 Kxf8 35. Qf6 $15) 34. Kg4 Qd2) 31. Rxf8 $1 $11 Nxe7 32. Rd8 {[%emt 0:02:46][%mdl 8192] Against Qd4+} (32. Re8 $11 {and White has nothing to worry.} Qd4+ 33. Kg2 Qd5+ 34. Kh3 (34. Kg1 $2 Qc5+ 35. Kh1 Qc6+ 36. Bg2 Qxe8 $19) 34... Qd7+ 35. f5) 32... Nf5 $19 33. Qg4 {[%emt 0:00:09] [#]} (33. Qh3 $142 c3 34. Bd3 (34. Bxb5 $2 {loses.} Qe3+ 35. Kg2 c2 $19)) 33... Qe3+ $1 34. Kg2 Qe7 {[%emt 0:00:12] Weighted Error Value: White=0.58/Black=0.14 (very precise) .  Loses game:     	White=1     	---        Mistake:       	White=4     	Black=3      Inaccurate:     	White=4     	---        OK:         	White=5     	Black=10     Best:        	White=5     	Black=4      Strong:       	White=3     	Black=4} 0-1

[Event "Azerbaijan Men Championship 2024"]
[Site "Baku"]
[Date "2024.04.17"]
[Round "7.9"]
[White "Sevdimaliyev, Urfan"]
[Black "Rustamov, Rustam"]
[Result "1/2-1/2"]
[ECO "D02"]
[WhiteElo "2320"]
[BlackElo "2261"]
[Annotator "TA"]
[PlyCount "49"]
[EventDate "2024.04.11"]
[EventType "swiss"]
[EventCountry "AZE"]
[SourceTitle "playchess.com"]
[Source "ChessBase"]
[SourceQuality "1"]
[TimeControl "40/5400+30:1800+30"]

1. d4 Nf6 2. Nf3 e6 3. Bf4 d5 4. e3 c5 5. c3 Nc6 6. Nbd2 Bd6 7. Bg3 Qe7 8. Ne5 Nd7 9. Nxc6 bxc6 10. Qa4 Bxg3 11. hxg3 Qd6 12. Nb3 c4 13. Na5 c5 14. b3 cxb3 15. axb3 cxd4 16. cxd4 (16. exd4 $14 O-O 17. Qa3) 16... O-O $11 {[%emt 0:04:53] The position is equal.} 17. Bd3 {[%emt 0:03:06][%cal Oa5c4] [#] Hoping for Nc4!} Nf6 18. Qc6 Qb4+ 19. Ke2 Bd7 20. Qxd7 Nxd7 21. Bxh7+ Kh8 22. Bg6+ Kg8 23. Bh7+ Kh8 24. Bg6+ Kg8 25. Bh7+ {[%emt 0:00:03] Weighted Error Value: White=0.08 (flawless) /Black=0.07 (flawless) .  Mistake:       	White=1     	---        Inaccurate:     	---       	Black=1      OK:         	White=9     	Black=5      Best:        	---       	Black=2} 1/2-1/2